 Dungeon Crawl Stone Soup version 0.22-a0-570-g58866f5 (webtiles) character file.

1081 Hebeh the Chopper (level 8, -6/70 HPs)
             Began as a Minotaur Fighter on June 30, 2018.
             Killed from afar by an electric eel (11 damage)
             ... with a bolt of electricity
             ... on level 5 of the Dungeon.
             The game lasted 00:09:43 (4830 turns).

Hebeh the Chopper (Minotaur Fighter)                Turns: 4830, Time: 00:09:44

Health: -6/70      AC:  7    Str: 22    XL:     8   Next: 8%
Magic:  7/7        EV:  8    Int:  5    God:
Gold:   213        SH: 10    Dex: 11    Spells: 7/7 levels left

rFire    . . .     SeeInvis .   a - +1 hand axe (venom)
rCold    . . .     Gourm    .   c - +0 shield
rNeg     . . .     Faith    .   b - +0 scale mail
rPois    .         Spirit   .   (helmet restricted)
rElec    .         Reflect  .   (no cloak)
rCorr    .         Harm     .   (no gloves)
MR       .....                  (no boots)
Stlth    ..........             t - amulet of regeneration
HPRegen  0.61/turn              (no ring)
MPRegen  0.10/turn              (no ring)

@: no status effects
A: retaliatory headbutt, horns 2
a: no special abilities


You were on level 5 of the Dungeon.
You were near starving.

You visited 2 branches of the dungeon, and saw 6 of its levels.

You collected 213 gold pieces.

Inventory:

Hand Weapons
 a - a +1 hand axe of venom (weapon)
 g - a +0 war axe
 p - a +0 flail of protection
Armour
 b - a +0 scale mail (worn)
 c - a +0 shield (worn)
Jewellery
 t - an amulet of regeneration (around neck)
Wands
 n - a wand of flame (18)
Scrolls
 e - a scroll of amnesia {unknown}
 h - a scroll of identify
 l - a scroll of random uselessness
 o - a scroll of teleportation {unknown}
 r - a scroll of enchant weapon {unknown}
Potions
 d - a potion of might
 i - 2 potions of curing {unknown}
 j - a potion of agility {unknown}
 k - 2 potions of heal wounds {unknown}
 m - a potion of ambrosia {unknown}
 q - a potion of haste {unknown}
 s - a potion of cancellation {unknown}
 u - a potion of magic {unknown}
Comestibles
 f - 6 rations


   Skills:
 + Level 6.0 Fighting
 * Level 7.3 Axes
 + Level 2.4 Throwing
 + Level 6.1 Armour
 + Level 6.0 Shields


You had 7 spell levels left.
You didn't know any spells.
Your spell library was empty.

Dungeon Overview and Level Annotations

Branches:
Dungeon (5/15)             Temple (1/1) D:4

Altars:
Ashenzari
Dithmenos
Elyvilon
Fedhas
Gozag
Kikubaaqudgha
Makhleb
Nemelex Xobeh
Okawaru
Ru
Vehumet
Yredelemnul
Zin
The Shining One

Annotations:
D:5 1 transporter


Innate Abilities, Weirdness & Mutations

You reflexively headbutt those who attack you in melee.
You have a pair of horns on your head.


Message History

You are too injured to fight recklessly!
Unknown command.
You are too injured to fight recklessly!
You are too injured to fight recklessly!
The electric eel shoots out a bolt of lightning at you!
The bolt of electricity hits you!
* * * LOW HITPOINT WARNING * * *
The bolt of electricity hits the plant. x2
You hit the plant but do no damage.
The plant is poisoned.
The plant is moderately damaged.
The electric eel shoots out a bolt of lightning at you!
The bolt of electricity hits you!
* * * LOW HITPOINT WARNING * * *
The bolt of electricity hits the plant. x2
You hit the plant but do no damage.
The plant looks as sick as possible!
You headbutt the plant, but do no damage.
The plant is severely damaged.
The electric eel shoots out a bolt of lightning at you!
The bolt of electricity hits you!
You die...

#.......##.# #.......
####........# #..(....
#........###########.......
#.......................#.#
#.......###############.#.#
####.##.#8P#;≈≈≈≈≈≈#P8#.#..
#....#..#.......#..#...#
##..©#©.'...♣...+?©#©..#
#...#.@#.......#..#..##
#.#.#8P#;≈≈≈≈≈≈#P8#....
#.#.###############..##
#.#..................##
#.##########...#####.##
#.........##.#.....#.##
#########.##.#..##.#.##
#.##.##.......#.##
#.......#..####.##


You could see 2 electric eels.

Vanquished Creatures
  A sky beast (D:5)
  2 ogres
  2 centaurs
  A scorpion (D:4)
  A howler monkey (D:4)
  4 crimson imps
  A centaur zombie (D:5)
  An orc priest (D:4)
  A hound (D:5)
  2 orc wizards
  A bullfrog skeleton (D:3)
  An iguana (D:4)
  2 worker ants
  6 adders
  A howler monkey skeleton (D:5)
  2 shadow imps (D:5)
  2 oozes
  3 worms
  3 dart slugs
  A leopard gecko (D:1)
  10 orcs
  13 bats
  5 giant cockroaches
  2 goblins (D:1)
  12 hobgoblins
  10 jackals
  4 quokkas
  5 frilled lizards
  10 kobolds
  12 rats
121 creatures vanquished.

Notes
Turn   | Place    | Note
-------+----------+-------------------------------------------
     0 | D:1      | Hebeh the Minotaur Fighter began the quest for the Orb.
     0 | D:1      | Reached XP level 1. HP: 19/19 MP: 0/0
    80 | D:1      | Reached XP level 2. HP: 27/27 MP: 1/1
   147 | D:1      | Reached skill level 3 in Axes
   489 | D:1      | Reached XP level 3. HP: 29/33 MP: 2/2
  1003 | D:2      | Noticed a centaur
  1010 | D:2      | Killed a centaur
  1010 | D:2      | Reached skill level 4 in Axes
  1010 | D:2      | Reached XP level 4. HP: 29/41 MP: 3/3
  1297 | D:2      | Reached XP level 5. HP: 40/47 MP: 4/4
  1504 | D:2      | Found a burning altar of Makhleb.
  2310 | D:3      | Found a glowing golden altar of the Shining One.
  2329 | D:3      | Reached skill level 5 in Axes
  2416 | D:3      | Reached XP level 6. HP: 53/55 MP: 5/5
  2477 | D:3      | Reached skill level 5 in Fighting
  2477 | D:3      | Reached skill level 5 in Armour
  2779 | D:4      | Reached skill level 5 in Shields
  2786 | D:4      | Found a glowing silver altar of Zin.
  3039 | D:4      | Reached skill level 1 in Throwing
  3071 | D:4      | Reached XP level 7. HP: 55/61 MP: 6/6
  3079 | D:4      | Reached skill level 6 in Axes
  3209 | D:4      | Found a white marble altar of Elyvilon.
  3281 | D:4      | Found a staircase to the Ecumenical Temple.
  3494 | Temple   | Entered the Ecumenical Temple
  3735 | D:5      | Entered Level 5 of the Dungeon
  4200 | D:5      | Found a transporter.
  4304 | D:5      | Reached skill level 7 in Axes
  4407 | D:5      | Found a transporter.
  4702 | D:5      | Reached XP level 8. HP: 24/70 MP: 7/7
  4830 | D:5      | Killed from afar by an electric eel

Vault maps used:
D:1:      scummos_arrival_simple_crosswalls, minmay_misc_feat_alley
D:2:      lemuel_statue_altar
D:3:      lemuel_round_altar
D:4:      old_standard_altar, lemuel_coloured_pillars_altar, temple_hall,
          first_ration, kennysheep_generic_room_14
D:5:      gammafunk_steamed_eel, corner_web_ring
Temple:   minmay_temple_curvy_loop

Skill      XL: |  1  2  3  4  5  6  7 |
---------------+----------------------+-----
Axes           | 3 4 5 7 |  7.3
Fighting       | 4 5 6 |  6.0
Shields        | 4 5 6 |  6.0
Armour         | 4 5 6 |  6.1
Throwing       | 1 2 |  2.4

Action                   |  1- 3 |  4- 6 |  7- 9 || total
-------------------------+-------+-------+-------++-------
Melee: War axe           |    82 |       |       ||    82
       Headbutt          |     9 |    25 |    16 ||    50
       Hand axe          |     6 |   163 |   108 ||   277
  Use: Scroll            |       |       |     3 ||     3
  Eat: Chunk             |       |     7 |     4 ||    11
Armor: Scale mail        |    58 |    69 |    34 ||   161
Dodge: Dodged            |    24 |    32 |    19 ||    75
Block: Shield            |    57 |    69 |    43 ||   169

Table legend:
 A = Spawn XP
 B = Non-spawn XP
 C = Spawn XP percentage of total XP
 D = Spawn monster count
 E = Non-spawn monster count
 F = Spawn count percentage of total count
 G = Total turns spent on level
                    A         B        C        D         E        F      G
               +---------+---------+-------+---------+---------+-------+---------
         Total |       0 |    1545 |   0.0 |       0 |     121 |   0.0 |  4830
               +---------+---------+-------+---------+---------+-------+---------
           D:1 |       0 |      60 |   0.0 |       0 |      30 |   0.0 |   983
           D:2 |       0 |     183 |   0.0 |       0 |      29 |   0.0 |  1026
           D:3 |       0 |     197 |   0.0 |       0 |      26 |   0.0 |   704
           D:4 |       0 |     422 |   0.0 |       0 |      15 |   0.0 |   812
           D:5 |       0 |     683 |   0.0 |       0 |      21 |   0.0 |  1095
               +---------+---------+-------+---------+---------+-------+---------
